 Dungeon Crawl Stone Soup version 0.27-a0-1200-g94dc6ad4cf (webtiles) character file.

Game seed: 17890946163693841487

1792 Delamore the Basher (level 9, -3/54 HPs)
             Began as a Gargoyle Fighter on May 30, 2021.
             Was an Initiate of Okawaru.
             Slain by an orc warrior
             ... wielding a +0 glaive
              (7 damage)
             ... on level 7 of the Dungeon.
             The game lasted 00:08:46 (8435 turns).

Delamore the Basher (Gargoyle Fighter)              Turns: 8435, Time: 00:08:47

Health: -3/54      AC: 17    Str: 22    XL:     9   Next: 9%
Magic:  9/9        EV:  7    Int: 10    God:    Okawaru [......]
Gold:   288        SH:  9    Dex:  9    Spells: 8/8 levels left

rFire    . . .     SeeInvis .   n - +2 club (spect)
rCold    . . .     Faith    .   c - +0 kite shield
rNeg     + . .     Spirit   .   b - +0 scale mail rPois โˆž Reflect .
                                (no helmet)
rElec    +         Harm     .   u - +2 cloak
rCorr    .         Rampage  .   l - +0 pair of gloves
Will     .....                  (no boots)
Stlth    ..........             (no amulet)
HPRegen  0.18/turn              (no ring)
MPRegen  0.11/turn              (no ring)

@: no status effects
A: sickness immunity, AC +6, negative energy resistance 1, electricity
resistance, torment resistance 1, petrification resistance
a: Renounce Religion


You were on level 7 of the Dungeon.
You worshipped Okawaru.
Okawaru was noncommittal.
You visited 2 branches of the dungeon, and saw 8 of its levels.

You collected 330 gold pieces.
You spent 42 gold pieces at shops.

Inventory:

Hand Weapons
 a - a +0 flail
 n - a +2 spectral club (weapon)
 y - a +1 flail of draining
Missiles
 h - 4 boomerangs (quivered)
 o - 15 poisoned darts
Armour
 b - a +0 scale mail (worn)
 c - a +0 kite shield (worn)
 l - a +0 pair of gloves (worn)
 r - a scarf of repulsion
 u - a +2 cloak (worn)
Jewellery
 e - a +6 ring of intelligence
Scrolls
 g - 3 scrolls of noise
 i - a scroll of summoning
 j - a scroll of immolation {unknown}
 q - a scroll of vulnerability
 w - a scroll of fear {unknown}
 x - a scroll of amnesia
 z - a scroll of fog {unknown}
 A - a scroll of enchant armour {unknown}
 B - a scroll of silence {unknown}
Potions
 d - a potion of might
 f - 2 potions of haste {unknown}
 k - 2 potions of resistance {unknown}
 m - 5 potions of flight
 p - a potion of lignification
 s - a potion of cancellation {unknown}
 t - a potion of attraction {unknown}
 v - a potion of curing


   Skills:
 - Level 5.0 Fighting
 * Level 11.0 Maces & Flails
 - Level 3.2 Armour
 - Level 3.2 Shields


You had 8 spell levels left.
You didn't know any spells.
Your spell library contained the following spells:

 Spells                   Type           Power      Damage    Failure   Level
 Beastly Appendage        Tmut           0%         N/A       99%         1
 Wereblood                Tmut           0%         N/A       100%        2
 Spider Form              Tmut/Pois      0%         N/A       100%        3
 Ice Form                 Ice/Tmut       0%         N/A       100%        4
 Hydra Form               Tmut           0%         N/A       100%        5


Dungeon Overview and Level Annotations

Branches:
Dungeon (7/15)             Temple (1/1) D:7

Altars:
Dithmenos
Elyvilon
Fedhas
Gozag
Kikubaaqudgha
Nemelex Xobeh
Okawaru
Vehumet
Wu Jian
Yredelemnul
Zin
The Shining One

Shops:
D:2 ?


Innate Abilities, Weirdness & Mutations

You are immune to sickness and miasma.
Your stone body is resilient. (AC +6)
You are immune to poison.
You resist negative energy. (rN+)
You are resistant to electric shocks. (rElec)
You are resistant to unholy torment.
You are immune to petrification.


Message History

The orc warrior is severely wounded.
Your spectral weapon hits the orc warrior but does no damage.
The orc warrior hits you but does no damage.
You hit the orc warrior but do no damage.
The orc warrior is severely wounded.
Your spectral weapon hits the orc warrior but does no damage.
The orc warrior hits you with a +0 glaive.
You hit the orc warrior but do no damage.
The orc warrior is severely wounded.
Your spectral weapon hits the orc warrior but does no damage.
Your spectral weapon fades away.
You block the orc warrior's attack.
You closely miss the orc warrior.
The orc warrior is severely wounded.
Your spectral weapon hits the orc warrior.
The orc warrior hits you but does no damage.
You completely miss the orc warrior.
The orc warrior is severely wounded.
Your spectral weapon closely misses the orc warrior.
The orc warrior hits you with a +0 glaive!
* * * LOW HITPOINT WARNING * * *
You hit the orc warrior.
The orc warrior is severely wounded.
Your spectral weapon hits the orc warrior but does no damage.
The orc warrior closely misses you.
You barely miss the orc warrior.
The orc warrior is severely wounded.
Your spectral weapon hits the orc warrior.
The orc warrior closely misses your spectral weapon.
You hit the orc warrior but do no damage.
The orc warrior is severely wounded.
Your spectral weapon hits the orc warrior.
You block the orc warrior's attack.
You hit the orc warrior but do no damage.
The orc warrior is almost dead.
Your spectral weapon hits the orc warrior.
The orc warrior hits you with a +0 glaive!
* * * LOW HITPOINT WARNING * * *
The orc warrior hits you from afar with a +0 glaive!
You die...

................ ####
#............#.
....###......>..####
.................#.
............####..)
##.#...#...## #...
##.###..##...###...
#......#####..#..## #.@.ยง###
##....#. .......##o.## ###....
..#..#. #.).## ## ##..#. ## #.
#)...# #.##..###
#........##......##
#............#......
.............##.......
..............#.......
...................##.....โ‰ˆโ‰ˆ


You could see an orc warrior.

Vanquished Creatures
  An ice beast (D:6)
  A black bear (D:4)
  2 ogres (D:5)
  2 centaurs
  A phantom (D:5)
  A bullfrog (D:6)
  2 scorpions (D:5)
  A water moccasin skeleton (D:6)
  A bullfrog zombie (D:7)
  3 bullfrog skeletons
  2 hounds (D:5)
  4 jellies
  4 orc priests
  3 centaur skeletons
  2 iguanas (D:5)
  Jessica (D:3)
  5 orc wizards
  Ijyb (D:3)
  Natasha (thrice) (D:4)
  A hound skeleton (D:4)
  2 adders (D:5)
  3 gnolls (D:4)
  4 dart slugs
  23 orcs
  5 ball pythons
  2 bats
  4 endoplasms
  3 giant cockroaches
  2 goblins
  6 hobgoblins
  5 jackals
  2 quokkas
  2 frilled lizards (D:1)
  8 kobolds
  3 rats (D:1)
115 creatures vanquished.

Vanquished Creatures (collateral kills)
  A centaur zombie (D:7)
  A white imp (D:7)
2 creatures vanquished.

Grand Total: 117 creatures vanquished

Notes
Turn   | Place    | Note
-------+----------+-------------------------------------------
     0 | D:1      | Delamore the Gargoyle Fighter began the quest for the Orb.
     0 | D:1      | Reached XP level 1. HP: 14/14 MP: 1/1
   439 | D:1      | Reached XP level 2. HP: 19/19 MP: 2/2
   854 | D:1      | Reached skill level 3 in Maces & Flails
   856 | D:1      | Reached XP level 3. HP: 22/24 MP: 3/3
  1430 | D:2      | Found Wywukh's Magic Scroll Shop.
  1438 | D:2      | Bought a scroll of identify for 28 gold pieces
  1438 | D:2      | Bought a scroll of noise for 14 gold pieces
  1873 | D:3      | Noticed Jessica
  1883 | D:3      | Killed Jessica
  1938 | D:3      | Noticed Ijyb
  1940 | D:3      | Reached XP level 4. HP: 29/29 MP: 4/4
  1962 | D:3      | Killed Ijyb
  2365 | D:3      | Reached skill level 4 in Maces & Flails
  2783 | D:4      | Noticed Natasha
  2789 | D:4      | Killed Natasha
  2790 | D:4      | Reached XP level 5. HP: 29/34 MP: 5/5
  3029 | D:4      | Noticed a black bear
  3033 | D:4      | Noticed Natasha
  3053 | D:4      | Killed a black bear
  3054 | D:4      | Reached skill level 5 in Fighting
  3054 | D:4      | Reached skill level 5 in Maces & Flails
  3054 | D:4      | Reached XP level 6. HP: 9/40 MP: 6/6
  3329 | D:4      | Killed Natasha
  3857 | D:4      | Reached skill level 6 in Maces & Flails
  3889 | D:4      | Noticed Natasha
  3894 | D:4      | Killed Natasha
  4450 | D:4      | Reached XP level 7. HP: 40/44 MP: 7/7
  4736 | D:5      | Entered Level 5 of the Dungeon
  5106 | D:5      | Reached skill level 7 in Maces & Flails
  5345 | D:5      | Reached skill level 8 in Maces & Flails
  5714 | D:5      | Reached XP level 8. HP: 49/49 MP: 8/8
  6061 | D:5      | Found a basalt altar of Yredelemnul.
  6648 | D:5      | Reached skill level 9 in Maces & Flails
  6992 | D:6      | Found a radiant altar of Vehumet.
  7219 | D:6      | Reached skill level 10 in Maces & Flails
  7226 | D:6      | Found a white marble altar of Elyvilon.
  8079 | D:7      | Found a staircase to the Ecumenical Temple.
  8108 | Temple   | Entered the Ecumenical Temple
  8186 | Temple   | Became a worshipper of Warmaster Okawaru
  8267 | D:7      | Reached XP level 9. HP: 52/54 MP: 9/9
  8383 | D:7      | Reached skill level 11 in Maces & Flails
  8435 | D:7      | Slain by an orc warrior

Illustrated notes

Levels and vault maps discovered:
D:1:      saegor_arrival_simple_a, layout_basic, minmay_fountain_box,
          minmay_door_square, minmay_misc_feat_columns
D:2:      layout_basic, serial_shops, shop
D:3:      layout_basic, dk_noncrumbling_2, uniq_jessica, uniq_ijyb
D:4:      layout_loops_ring, kennysheep_another_room,
          kennysheep_decorative_pillar, uniq_natasha
D:5:      layout_layer_cave, lemuel_coloured_pillars_altar
D:6:      layout_basic, elyvilon_altar_4, nicolae_vehumet_radiance,
          lemuel_flamethrower_2
D:7:      layout_cave_pools, temple_pool_b, minmay_misc_feat_chi,
          dk_noncrumbling_4, chequers_decorated_corner
Temple:   dpeg_five_rooms_temple

Skill      XL: |  1  2  3  4  5  6  7  8  9 |
---------------+----------------------------+-----
Maces & Flails | 3 4 5 6 8 10 11 | 11.0
Fighting       | 4 5 |  5.0
Armour         | |  3.2
Shields        | |  3.2

Action                   |  1- 3 |  4- 6 |  7- 9 || total
-------------------------+-------+-------+-------++-------
Melee: Flail             |    90 |    12 |       ||   102
       Club              |       |   111 |   176 ||   287
Throw: Boomerang         |     6 |     3 |     1 ||    10
Evoke: Wand              |       |     3 |       ||     3
  Use: Scroll            |     1 |     1 |     4 ||     6
       Potion            |       |     4 |       ||     4
 Stab: Distracted        |       |       |     1 ||     1
Armor: Scale mail        |    63 |    86 |   100 ||   249
       Skin              |       |    25 |       ||    25
Dodge: Dodged            |    30 |    43 |    43 ||   116
       Repelled          |       |     1 |       ||     1
Block: Kite shield       |    54 |    54 |    68 ||   176

Table legend: (Time is in decaauts)
 A = Elapsed time spent in this place.
 B = Non-inter-level travel time spent in this place.
 C = Inter-level travel time spent in this place.
 D = Time resting spent in this place.
 E = Time spent auto-exploring this place.
 F = Levels seen in this place.
 G = Mean time per level.
                   A        B        C        D        E       F      G
               +--------+--------+--------+--------+--------+-----+--------+
         Total |   8552 |   8201 |    351 |   2255 |   4880 |   8 | 1069.0 |
       Dungeon |   8422 |   8128 |    294 |   2255 |   4809 |   7 | 1203.1 |
        Temple |    130 |     73 |     57 |      0 |     71 |   1 |  130.0 |
               +--------+--------+--------+--------+--------+-----+--------+

Top non-repeatable levels by time:
     D:5: 2004 daAuts
     D:3: 1652 daAuts
     D:4: 1376 daAuts
     D:6: 1323 daAuts
     D:1: 1052 daAuts
     D:2: 751 daAuts
     D:7: 261 daAuts
  Temple: 130 daAuts
